 Dungeon Sprint DCSS version 0.31-a0-965-g8a8ce12e04 (webtiles) character file.

Game seed: 17996551686836146338

292 rocky1 the Ruffian (level 6, -10/106 HPs)
             Began as an Ogre Shapeshifter on Oct 27, 2023.
             Was an Initiate of Gozag.
             Succumbed to a swamp dragon's poison gas
             ... in the Dungeon (Sprint VII: "The Pits").
             The game lasted 00:01:24 (714 turns).

rocky1 the Ruffian (Ogre Shapeshifter)               Turns: 714, Time: 00:01:25

Health: -10/106    AC:  3    Str: 21    XL:     6   Next: 33%
Magic:  6/6        EV: 10    Int: 11    God:    Gozag
Gold:   801        SH:  0    Dex:  8    Spells: 5/5 levels left

rFire   . .          .
                       - Unarmed
rCold   . . .        (no shield)
rNeg    . . .        a - +0 animal skin
rPois   .            (helmet currently unavailable)
rElec   .            (cloak currently unavailable)
rCorr   .            (gloves unavailable)
SInv    .            (boots unavailable)
Will    .....        (no amulet) Stlth
                     (no ring)
HPRegen 0.37/turn    (no ring)
MPRegen 0.10/turn

%: no teleportation
@: berserking, lethally poisoned (-10 -> -93), beast-form, very quick
A: beast (slay +3), large, unfitting armour, tough skin 1
a: Begin Untransformation, Renounce Religion, Potion Petition, Call Merchant,
Bribe Branch


You were in the Dungeon.
You worshipped Gozag.
Gozag was pleased with you.
You were a hulking beast.
You visited 1 branch You collected 801 gold pieces.

Inventory:

Armour
 a - a +0 animal skin (worn)
Talismans
 c - a beast talisman
 d - a flux talisman
Scrolls
 j - a scroll of blinking
 l - 2 scrolls of vulnerability
 m - 5 scrolls of amnesia
 n - a scroll of summoning
Potions
 b - a potion of lignification
 e - 6 potions of curing
 f - 6 potions of heal wounds
 g - a potion of haste
 h - 4 potions of magic
 i - 2 potions of berserk rage
 k - 2 potions of invisibility


   Skills:
 + Level 7.5 Fighting
 + Level 5.4 Dodging
 * Level 7.9 Unarmed Combat
 + Level 6.0 Shapeshifting


You had 5 spell levels left.
You didn't know any spells.
Your spell library was empty.

Dungeon Overview and Level Annotations

Branches:
Dungeon (1/1)

Altars:
Ashenzari
Cheibriados
Dithmenos
Elyvilon
Fedhas
Gozag
Hepliaklqana
Kikubaaqudgha
Makhleb
Nemelex Xobeh
Okawaru
Qazlal
Ru
Sif Muna
Trog
Uskayaw
Vehumet
Wu Jian
Xom
Yredelemnul
Zin
The Shining One
Jiyva
Lugonu


Innate Abilities, Weirdness & Mutations

You are a hulking beast.
Your limbs bulge with bestial killing power. (Slay +3)
You are too large for most types of armour.
You have tough skin. (AC +1)


Message History

You feel yourself moving faster!
You feel mighty!
The swamp dragon breathes poison at you.
The blast of poison engulfs you!
You are poisoned.
You pummel the swamp dragon!!
The swamp dragon is moderately wounded.
You are engulfed in poison gas.
You are more poisoned.
You feel very sick. The swamp dragon bites you! The swamp dragon claws you.
The swamp dragon tramples you but does no damage.
You punch the swamp dragon!
The swamp dragon is heavily wounded.
You are engulfed in poison gas.
You are more poisoned.
You feel extremely sick.
You closely miss the swamp dragon.
The swamp dragon is heavily wounded.
You are engulfed in poison gas.
You are more poisoned.
You feel extremely sick. The swamp dragon barely misses you.
The swamp dragon closely misses you. The swamp dragon tramples you.
You hold your ground!
You punch the swamp dragon!
The swamp dragon is severely wounded.
You are engulfed in poison gas.
You are more poisoned.
* * * LOW HITPOINT WARNING * * *
You feel extremely sick. The swamp dragon bites you!
* * * LOW HITPOINT WARNING * * *
The swamp dragon claws you!
* * * LOW HITPOINT WARNING * * *
The swamp dragon tramples you but does no damage.
You punch the swamp dragon!
The swamp dragon is almost dead.
You are engulfed in poison gas.
You are more poisoned.
* * * LOW HITPOINT WARNING * * *
You die...
Your body crumbles into a pile of gold.

#.#........##.......#
#'###########.......#
#.......# #########
#..#.#..# #)##.##.#
#.......#+#
#.##.##.#○+
#..#.#○○#D#
#.....☼☼○h#
###########


You could see a swamp dragon (catching breath).

Vanquished Creatures
  An ogre (D)
  A phantom (D)
  A scorpion (D)
  A jelly (D)
  A gnoll (D)
  An adder (D)
  A river rat (D)
  An adder skeleton (D)
  An orc (D)
  An endoplasm (D)
  3 giant cockroaches (D)
  A bat (D)
  2 goblins (D)
16 creatures vanquished.

Notes
Turn   | Place    | Note
-------+----------+-------------------------------------------
     0 | D        | rocky1 the Ogre Shapeshifter began the quest for the Orb.
     0 | D        | Reached XP level 1. HP: 19/19 MP: 1/1
    43 | D        | Found a bloodstained altar of Trog.
    43 | D        | Found a shimmering blue altar of Sif Muna.
    43 | D        | Found a viscous altar of Jiyva.
    43 | D        | Found a hazy altar of Hepliaklqana.
    43 | D        | Found an opulent altar of Gozag.
    44 | D        | Found a glowing golden altar of the Shining One.
    44 | D        | Found a glowing silver altar of Zin.
    44 | D        | Found a basalt altar of Yredelemnul.
    44 | D        | Found a shimmering altar of Xom.
    44 | D        | Found an ornate altar of the Wu Jian Council.
    44 | D        | Found a sacrificial altar of Ru.
    44 | D        | Found a stormy altar of Qazlal.
    44 | D        | Found an iron altar of Okawaru.
    44 | D        | Found a sparkling altar of Nemelex Xobeh.
    44 | D        | Found a burning altar of Makhleb.
    44 | D        | Found a blossoming altar of Fedhas.
    44 | D        | Found a white marble altar of Elyvilon.
    44 | D        | Found a shadowy altar of Dithmenos.
    44 | D        | Found a snail-covered altar of Cheibriados.
    48 | D        | Found a corrupted altar of Lugonu.
    48 | D        | Found a radiant altar of Vehumet.
    49 | D        | Found a broken altar of Ashenzari.
    49 | D        | Found an ancient bone altar of Kikubaaqudgha.
    49 | D        | Found a hide-covered altar of Uskayaw.
    51 | D        | Became a worshipper of Gozag Ym Sagoz the Greedy
    72 | D        | Reached XP level 2. HP: 19/29 MP: 2/2
   380 | D        | Noticed a scorpion
   383 | D        | Reached XP level 3. HP: 37/37 MP: 3/3
   393 | D        | Killed a scorpion
   394 | D        | Reached skill level 5 in Unarmed Combat
   394 | D        | Reached XP level 4. HP: 45/49 MP: 4/4
   395 | D        | Reached skill level 5 in Fighting
   461 | D        | Reached XP level 5. HP: 41/57 MP: 5/5
   521 | D        | Noticed a phantom
   537 | D        | Killed a phantom
   538 | D        | Reached skill level 5 in Shapeshifting
   601 | D        | Noticed an ogre
   604 | D        | Killed an ogre
   605 | D        | Reached skill level 5 in Dodging
   605 | D        | Reached XP level 6. HP: 71/71 MP: 6/6
   708 | D        | Noticed a swamp dragon
   713 | D        | HP: 3/106 [swamp dragon (9)]
   714 | D        | HP: 1/106 [swamp dragon] (2)]
   714 | D        | Succumbed to a swamp dragon's poison gas

Illustrated notes

Levels and vault maps discovered:
D:        pitsprint [storerooms_1, entrance_room_1, metal_vault_6, armoury_3,
          mini_pit_1, grid_room_1, main_hall_1, silver_pit, the_coven_3,
          the_vestibule_1, steel_vault_5, golden_pit, hallway_of_sentries,
          crystal_vault_3, iron_vault_1, final_vault]

Skill      XL: |  1  2  3  4  5 |
---------------+----------------+-----
Dodging        | 2 3 4 5 |  5.4
Unarmed Combat | 3 4 5 6 7 |  7.9
Fighting       | 2 3 4 5 7 |  7.5
Shapeshifting  | 4 6 |  6.0

Action                     |  1- 3 |  4- 6 || total
---------------------------+-------+-------++-------
  Melee: Unarmed           |    42 |    28 ||    70
         Punch             |     3 |       ||     3
    Use: Potion            |       |     1 ||     1
   Stab: Distracted        |       |     1 ||     1
 Armour: Animal skin       |    19 |    16 ||    35
  Dodge: Dodged            |    24 |     4 ||    28

Table legend: (Time is in decaauts)
 A = Elapsed time spent in this place.
 B = Non-inter-level travel time spent in this place.
 C = Inter-level travel time spent in this place.
 D = Time resting spent in this place.
 E = Time spent auto-exploring this place.
 F = Levels seen in this place.
 G = Mean time per level.
                   A        B        C        D        E       F      G
               +--------+--------+--------+--------+--------+-----+--------+
         Total |    707 |    688 |     19 |    482 |      0 |   1 |  707.0 |
       Dungeon |    707 |    688 |     19 |    482 |      0 |   1 |  707.0 |
               +--------+--------+--------+--------+--------+-----+--------+

Top non-repeatable levels by time:
       D: 707 daAuts
